 Dungeon Crawl Stone Soup version 0.22-a0-824-g1ca9aab89c (webtiles) character file.

11468 Napalmbreeze the Fighter (level 11, -3/104 HPs)
             Began as a Minotaur Berserker on July 24, 2018.
             Was a High Priest of Trog.
             Slain by a white very ugly thing (24 damage)
             ... on level 2 of the Abyss.
             The game lasted 00:28:37 (10494 turns).

Napalmbreeze the Fighter (Minotaur Berserker)      Turns: 10494, Time: 00:28:38

Health: -3/104     AC: 16    Str: 22    XL:     11   Next: 49%
Magic:  10/10      EV: 11    Int:  4    God:    Trog [*****.]
Gold:   913        SH:  0    Dex: 13    Spells: 10/10 levels left

rFire    + . .     SeeInvis .   K - +6 war axe (curse)
rCold    + . .     Gourm    .   (no shield)
rNeg     . . .     Faith    .   H - +0 plate armour
rPois    .         Spirit   .   (helmet restricted)
rElec    .         Reflect  .   (no cloak)
rCorr    .         Harm     .   G - +0 pair of gloves
MR       .....                  (no boots)
Stlth    ..........             L - amulet of the acrobat
HPRegen  0.27/turn              p - ring of protection from fire
MPRegen  0.12/turn              f - ring of protection from cold

@: about to teleport
A: retaliatory headbutt, horns 2
a: Berserk, Trog's Hand, Brothers in Arms, Renounce Religion


You were on level 2 of the Abyss.
You worshipped Trog.
Trog was extremely pleased with you.
You were not hungry.

You visited 1 branch of the dungeon, and saw 10 of its levels.
You visited the Abyss 1 time.
You also visited: Sewer and Ossuary.

You collected 913 gold pieces.

Inventory:

Hand Weapons
 K - a cursed +6 war axe (weapon)
Missiles
 J - 4 poisoned javelins (quivered)
Armour
 G - a +0 pair of gloves (worn)
 H - a +0 plate armour (worn)
Jewellery
 f - a ring of protection from cold (right hand)
 p - a ring of protection from fire (left hand)
 L - an amulet of the acrobat (around neck)
Scrolls
 i - 5 scrolls of teleportation
 n - 7 scrolls of enchant armour
 r - 5 scrolls of identify
 s - 2 scrolls of enchant weapon
 v - 2 scrolls of fog
 x - 3 scrolls of magic mapping
 y - 8 scrolls of remove curse
Potions
 b - 4 potions of heal wounds {unknown}
 d - 3 potions of brilliance {unknown}
 e - a potion of lignification {unknown}
 g - 2 potions of magic {unknown}
 h - 6 potions of flight
 k - 4 potions of might
 l - 4 potions of agility
 q - 2 potions of curing
 w - a potion of mutation {unknown}
 z - 2 potions of resistance {unknown}
 A - 2 potions of invisibility {unknown}
 B - a potion of cancellation {unknown}
 C - a potion of haste
 D - a potion of degeneration {unknown}
 I - a potion of ambrosia {unknown}
Comestibles
 c - 17 rations


   Skills:
 + Level 11.7 Fighting
 + Level 11.6 Axes
 * Level 11.6 Armour
 + Level 9.3 Dodging


You had 10 spell levels left.
You didn't know any spells.
Your spell library was empty.

Dungeon Overview and Level Annotations

Branches:
Dungeon (10/15)            Temple (0/1) D:4             Orc (0/2) D:9
   Lair: D:8-11

Altars:
Cheibriados
Dithmenos
Elyvilon
Fedhas
Gozag
Kikubaaqudgha
Makhleb
Nemelex Xobeh
Okawaru
Qazlal
Ru
Sif Muna
Trog
Uskayaw
Wu Jian
Yredelemnul
Zin

Shops:
D:4 [   D:9 *


Innate Abilities, Weirdness & Mutations

You reflexively headbutt those who attack you in melee.
You have a pair of horns on your head.


Message History

You feel better.
The worldbinder calls forth creatures from the Crypt!
The starcursed mass completely misses you.
The white very ugly thing barely misses you.
You feel better. The starcursed mass misses you.
The white very ugly thing tentacle-slaps you but does no damage.
You feel better.
The ynoxinul gestures.
The starcursed mass barely misses you.
The white very ugly thing tentacle-slaps you!
The white very ugly thing freezes you! You resist.
* * * LOW HITPOINT WARNING * * *
You feel better. The wraith hits you but does no damage.
A deafening chorus of shrieks assaults your mind!
* * * LOW HITPOINT WARNING * * *
The starcursed mass engulfs you but does no damage.
The white very ugly thing tentacle-slaps you.
* * * LOW HITPOINT WARNING * * *
The white very ugly thing freezes you!! You resist.
You die...

#.#.. ..X#..#≈≈.≈#≈≈≈.#
#..##..#≈..#≈≈.≈≈≈≈≈≈..
##..##..#≈.3#≈≈≈≈≈≈≈≈#..
........X.X...≈≈≈≈≈♣≈..
.. ...... .. X......≈..
##. ##..##..##XX##..#≈
##..##..##.. #XX##..# .#
.#.#.# # #.#XuWx# ##
.... . .#####@#≈..# .#
##.. . ### .# # ### ##
## .# . .# #.#. # . # #
.#


You could see 6 starcursed masses, a white very ugly thing, a worldbinder, a
ynoxinul and a wraith.

Vanquished Creatures
  Josephine (D:10)
  Harold (D:9)
  A hydra (D:10)
  A two-headed ogre (D:9)
  The ghost of Faustar the Changer, a novice DrTm of Makhleb (D:7)
  Pikel (D:4)
  A troll (D:9)
  Grinder (D:3)
  2 hippogriffs
  Sigmund (D:3)
  6 yaks (D:9)
  5 wraiths (D:10)
  A vampire (D:10)
  2 water moccasins
  Duvessa (D:6)
  A spectral hornet (D:7)
  2 sky beasts
  A slave (D:4)
  3 orc warriors
  A phantom (D:8)
  A necrophage (D:8)
  5 ogres
  3 centaurs
  2 big kobolds
  A bullfrog (D:6)
  A gnoll sergeant (D:7)
  Dowan (D:6)
  A wyvern skeleton (D:7)
  3 scorpions
  4 wights (D:8)
  3 killer bees (D:7)
  A spectral bullfrog (D:7)
  5 crimson imps
  2 bullfrog zombies
  A quasit (D:9)
  5 hounds
  4 jellies
  13 orc wizards
  5 orc priests
  A bullfrog skeleton (D:10)
  3 centaur skeletons
  A gnoll shaman (D:10)
  2 iguanas
  Jessica (D:2)
  Natasha (thrice) (D:3)
  6 worker ants
  A killer bee zombie (D:7)
  A spectral hound (D:7)
  A hound zombie (D:6)
  8 mummies (Ossuary)
  Robin (D:3)
  7 adders
  12 gnolls
  3 river rats (Sewer)
  A shadow imp (D:6)
  An ooze (D:5)
  2 adder zombies
  A worm (D:2)
  3 adder skeletons
  29 orcs
  6 bats
  9 giant cockroaches
  17 goblins
  5 hobgoblins
  14 jackals
  13 kobolds
  5 quokkas
  A ball python (D:5)
  2 frilled lizards
  A gnoll zombie (Ossuary)
  3 hobgoblin zombies (Ossuary)
  3 kobold zombies (Ossuary)
  A leopard gecko skeleton (D:4)
  An orc zombie (Ossuary)
  11 rats
275 creatures vanquished.

Vanquished Creatures (collateral kills)
  Erolcha (D:9)
  A wyvern (D:9)
2 creatures vanquished.

Vanquished Creatures (others)
  A butterfly (D:4)
1 creature vanquished.

Grand Total: 278 creatures vanquished

Notes
Turn   | Place    | Note
-------+----------+-------------------------------------------
     0 | D:1      | Napalmbreeze the Minotaur Berserker began the quest for the Orb.
     0 | D:1      | Reached XP level 1. HP: 19/19 MP: 0/0
   309 | D:1      | Reached XP level 2. HP: 27/27 MP: 1/1
   479 | D:1      | Reached ** piety under Trog
   994 | D:2      | Reached XP level 3. HP: 33/33 MP: 2/2
  1098 | D:2      | Noticed Jessica
  1105 | D:2      | Killed Jessica
  1105 | D:2      | Reached XP level 4. HP: 40/40 MP: 3/3
  1616 | D:3      | Noticed Grinder
  1619 | D:3      | Paralysed by Grinder for 3 turns
  1633 | D:3      | Killed Grinder
  1633 | D:3      | Reached skill level 5 in Axes
  1633 | D:3      | Reached XP level 5. HP: 47/47 MP: 4/4
  1633 | D:3      | Reached XP level 6. HP: 55/55 MP: 5/5
  1710 | D:3      | Found an opulent altar of Gozag.
  1711 | D:3      | Found a glowing silver altar of Zin.
  1796 | D:3      | Noticed Sigmund
  1814 | D:3      | Killed Sigmund
  1814 | D:3      | Reached skill level 5 in Fighting
  1903 | D:3      | Noticed Natasha
  1917 | D:3      | Killed Natasha
  2158 | D:3      | Noticed Natasha
  2162 | D:3      | Reached XP level 7. HP: 58/61 MP: 6/6
  2168 | D:3      | Killed Natasha
  2200 | D:3      | Noticed Robin
  2228 | D:3      | Killed Robin
  2513 | D:3      | Noticed Natasha
  2521 | D:3      | Killed Natasha
  2580 | D:3      | Reached *** piety under Trog
  2832 | D:3      | Found a hide-covered altar of Uskayaw.
  2854 | D:4      | Reached skill level 5 in Armour
  2860 | D:4      | Found a shadowy altar of Dithmenos.
  2920 | D:4      | Noticed Pikel
  2938 | D:4      | Killed Pikel
  2938 | D:4      | Reached skill level 5 in Dodging
  2938 | D:4      | Reached XP level 8. HP: 53/71 MP: 7/7
  2943 | D:4      | Found a basalt altar of Yredelemnul.
  2971 | D:4      | Found a white marble altar of Elyvilon.
  3044 | D:4      | You fall through a shaft!
  3044 | D:5      | Entered Level 5 of the Dungeon
  3061 | D:5      | Found a glowing drain.
  3082 | Sewer    | Entered a sewer
  3187 | Sewer    | Found a white marble altar of Elyvilon.
  3298 | D:4      | Found a sand-covered staircase.
  3305 | Ossuary  | Entered an ossuary
  3497 | Ossuary  | Received a gift from Trog
  3799 | D:4      | Found a staircase to the Ecumenical Temple.
  3825 | D:4      | Found Cankaf's Antique Armour Boutique.
  4347 | D:5      | Found a sacrificial altar of Ru.
  4556 | D:6      | Reached **** piety under Trog
  4615 | D:6      | Noticed Dowan
  4615 | D:6      | Noticed Duvessa
  4624 | D:6      | Killed Duvessa
  4625 | D:6      | Killed Dowan
  4651 | D:6      | Found a blossoming altar of Fedhas.
  4651 | D:6      | Found a deep blue altar of Sif Muna.
  4656 | D:6      | Found an ancient bone altar of Kikubaaqudgha.
  4658 | D:6      | Found a bloodstained altar of Trog.
  4660 | D:6      | Found a snail-covered altar of Cheibriados.
  4727 | D:6      | Found a stormy altar of Qazlal.
  4837 | D:6      | Reached XP level 9. HP: 80/81 MP: 8/8
  6350 | D:7      | Found an iron altar of Okawaru.
  6410 | D:7      | Found a runed gate.
  6411 | D:7      | Found a runed gate.
  6412 | D:7      | Found a runed gate.
  6413 | D:7      | Noticed Faustar's ghost (novice DrTm)
  6648 | D:7      | Killed Faustar's ghost
  6648 | D:7      | Reached skill level 10 in Fighting
  6648 | D:7      | Reached skill level 10 in Axes
  6648 | D:7      | Reached XP level 10. HP: 93/93 MP: 9/9
  6752 | D:8      | Reached ***** piety under Trog
  6851 | D:8      | Received a gift from Trog
  7046 | D:8      | Found an ornate altar of the Wu Jian Council.
  7635 | D:9      | Noticed Erolcha
  7635 | D:9      | Noticed Harold
  7650 | D:9      | Killed Harold
  7652 | D:9      | Killed Erolcha
  7670 | D:9      | Found a burning altar of Makhleb.
  7708 | D:9      | Found a sacrificial altar of Ru.
  7752 | D:9      | Found Bolucepy's General Store.
  7798 | D:9      | Noticed a two-headed ogre
  7806 | D:9      | Killed a two-headed ogre
  7806 | D:9      | Reached skill level 10 in Armour
  8332 | D:9      | Reached XP level 11. HP: 102/102 MP: 10/10
  8596 | D:9      | Found a staircase to the Orcish Mines.
  8686 | D:9      | Received a gift from Trog
  8753 | D:9      | Found a sparkling altar of Nemelex Xobeh.
  9130 | D:10     | Entered Level 10 of the Dungeon
  9144 | D:10     | Noticed a four-headed hydra
  9153 | D:10     | Killed a nine-headed hydra
  9742 | D:10     | Noticed Josephine
  9756 | D:10     | Killed Josephine
 10408 | D:10     | Noticed a wizard
 10424 | D:10     | Cast into level 2 of the Abyss (a wizard)
 10451 | Abyss:2  | Noticed a starcursed mass
 10482 | Abyss:2  | Noticed a white very ugly thing
 10494 | Abyss:2  | Slain by a white very ugly thing

Vault maps used:
D:1:      lightli_arrival_noodles, minivault_11
D:2:      uniq_jessica
D:3:      grunt_temple_overflow_gold_and_silver, nicolae_overflow_hidden_temple,
          first_ration, cheibrodos_gnoll_hut, uniq_sigmund, uniq_grinder,
          uniq_robin, uniq_natasha
D:4:      old_standard_altar, elyvilon_altar_4, minmay_temple_entry_butterflies,
          serial_shops, shop, nicolae_ossuary_entry_monument,
          nicolae_dithmenos_the_darkroom, uniq_pikel
D:5:      cheibrodos_quashed, portal_sewer_entry_a,
          nicolae_ru_the_path_less_chosen
D:6:      nicolae_qazlal_eye_of_the_storm, chequers_temple_overflow_minitemple,
          uniq_duvessa
D:7:      okawaru_trees_1, gammafunk_ghost_necromancy, grunt_ogre_cave
D:8:      kennysheep_mini_moat
D:9:      overflow_temple_1_default, nemelex_altar_shiori, orc_0_dummy,
          basic_altar, serial_shops, kennysheep_little_box, uniq_erolcha,
          uniq_harold
D:10:     lightli_wizard_tower, uniq_josephine
Abyss:2:  minivault_26
Sewer:    sewer_kobolds
Ossuary:  ossuary_tomb_3

Skill      XL: |  1  2  3  4  5  6  7  8  9 10 11 |
---------------+----------------------------------+-----
Axes           | 4 5 6 8 9 10 11 | 11.6
Fighting       | 4 5 6 8 10 11 | 11.7
Armour         | 3 4 5 6 8 10 11 | 11.6
Dodging        | 3 4 5 6 7 8 9 |  9.3

Action                   |  1- 3 |  4- 6 |  7- 9 | 10-12 || total
-------------------------+-------+-------+-------+-------++-------
Melee: Hand axe          |    62 |    60 |   377 |    63 ||   562
       Headbutt          |     4 |    12 |    76 |    53 ||   145
       Unarmed           |       |       |    31 |       ||    31
       War axe           |       |       |       |   183 ||   183
Invok: Berserk           |     2 |     2 |     8 |     4 ||    16
       Trog's Hand       |       |     2 |     6 |     2 ||    10
       Brothers in Arms  |       |       |       |     1 ||     1
  Use: Scroll            |       |       |     9 |     4 ||    13
       Potion            |       |       |     2 |     6 ||     8
  Eat: Chunk             |     2 |     6 |    15 |    13 ||    36
       Ration            |       |       |     3 |     1 ||     4
Armor: Animal skin       |     7 |     4 |       |       ||    11
       Chain mail        |       |    11 |   209 |     1 ||   221
       Plate armour      |       |       |       |   135 ||   135
Dodge: Dodged            |    48 |    33 |   240 |   175 ||   496

Table legend:
 A = Spawn XP
 B = Non-spawn XP
 C = Spawn XP percentage of total XP
 D = Spawn monster count
 E = Non-spawn monster count
 F = Spawn count percentage of total count
 G = Total turns spent on level
                    A         B        C        D         E        F      G
               +---------+---------+-------+---------+---------+-------+---------
         Total |       0 |   16383 |   0.0 |       0 |     276 |   0.0 | 10494
               +---------+---------+-------+---------+---------+-------+---------
           D:1 |       0 |      40 |   0.0 |       0 |      25 |   0.0 |   959
           D:2 |       0 |      88 |   0.0 |       0 |      16 |   0.0 |   621
           D:3 |       0 |     876 |   0.0 |       0 |      34 |   0.0 |  1265
           D:4 |       0 |     816 |   0.0 |       0 |      13 |   0.0 |   517
           D:5 |       0 |     170 |   0.0 |       0 |      14 |   0.0 |   640
           D:6 |       0 |    1058 |   0.0 |       0 |      22 |   0.0 |   866
           D:7 |       0 |    2417 |   0.0 |       0 |      39 |   0.0 |  1316
           D:8 |       0 |     978 |   0.0 |       0 |      27 |   0.0 |   848
           D:9 |       0 |    4858 |   0.0 |       0 |      33 |   0.0 |  1849
          D:10 |       0 |    4786 |   0.0 |       0 |      28 |   0.0 |  1009
         Sewer |       0 |     144 |   0.0 |       0 |       9 |   0.0 |   149
       Ossuary |       0 |     152 |   0.0 |       0 |      16 |   0.0 |   385
               +---------+---------+-------+---------+---------+-------+---------
